 Dungeon Crawl Stone Soup version 0.30.0-10-gfe55d96785 (webtiles) character file.

Game seed: 12976960784059673761

4678 Persephone the Fighter (level 10, -3/68 HPs)
             Began as a Gargoyle Fighter on May 14, 2023.
             Was a Priest of the Shining One.
             Slain by a yak (11 damage)
             ... on level 8 of the Dungeon.
             The game lasted 00:21:18 (7506 turns).

Persephone the Fighter (Gargoyle Fighter)           Turns: 7506, Time: 00:21:20

Health: -3/68      AC: 20    Str: 32    XL:     10   Next: 44%
Magic:  16/16      EV: 11    Int: 23    God:    the Shining One [***...]
Gold:   507        SH:  4    Dex:  9    Spells: 9/9 levels left

rFire   . . .        x - +1 flail (spect)
rCold   . . .        c - +0 buckler
rNeg    + + .        G - +3 leather armour of Jouwidgh {Str+3 Int+7}
rPois   ∞            y - +2 helmet
rElec   +            I - +0 cloak
rCorr   .            u - +1 pair of gloves
SInv    .            (no boots)
Will    .....        (no amulet)
Stlth   +            e - +6 ring of strength
HPRegen 0.31/turn    k - +6 ring of intelligence
MPRegen 0.15/turn

%: no passive effects
@: glowing
A: sickness immunity, AC +7, negative energy resistance 1, electricity
resistance, torment resistance 1, petrification resistance
a: Renounce Religion, Divine Shield, Cleansing Flame


You were on level 8 of the Dungeon.
You worshipped the Shining One.
The Shining One was most pleased with you.
You visited 1 branch of the dungeon, and saw 9 of its levels.

You collected 507 gold pieces.

Inventory:

Hand Weapons
 x - a +1 spectral flail (weapon)
Armour
 c - a +0 buckler (worn)
 r - a +3 leather armour
 u - a +1 pair of gloves (worn)
 y - a +2 helmet (worn)
 A - a +3 ring mail of cold resistance
 G - the +3 leather armour of Jouwidgh (worn) {Str+3 Int+7}
   (You found it on level 8 of the Dungeon)

   Str:       It affects your strength (+3).
   Int:       It affects your intelligence (+7).
 I - a +0 cloak (worn)
Jewellery
 e - a +6 ring of strength (left hand)
 k - a +6 ring of intelligence (right hand)
 C - a +6 ring of intelligence
Wands
 t - a wand of quicksilver (3)
 D - a wand of flame (17)
 F - a wand of mindburst (9)
 H - a wand of roots (5)
Scrolls
 i - 5 scrolls of identify
 l - a scroll of enchant armour
 m - a scroll of silence
 n - a scroll of brand weapon
 o - 2 scrolls of enchant weapon
 q - a scroll of blinking
 s - 2 scrolls of poison
 v - 3 scrolls of teleportation
 E - a scroll of torment {unknown}
Potions
 a - 3 potions of ambrosia
 b - 2 potions of lignification
 d - 2 potions of magic {unknown}
 f - a potion of mutation {unknown}
 g - 2 potions of heal wounds
 h - a potion of haste {unknown}
 j - 8 potions of curing
 p - 3 potions of degeneration {unknown}
 w - 2 potions of cancellation {unknown}
 z - a potion of invisibility {unknown}
 B - 2 potions of brilliance {unknown}


   Skills:
 + Level 10.8 Fighting
 - Level 1.7 Short Blades
 + Level 8.9 Maces & Flails
 - Level 3.2 Armour
 - Level 3.2 Shields
 + Level 8.2 Invocations


You had 9 spell levels left.
You didn't know any spells.
Your spell library contained the following spells:

 Spells                   Type           Power      Damage    Failure   Level
 Kiss of Death            Conj/Necr      0%         2d5       21%         1
 Blink                    Tloc           0%         N/A       30%         2
 Poisonous Vapours        Pois/Air       0%         N/A       30%         2
 Confusing Touch          Hex            0%         N/A       52%         3
 Ignite Poison            Fire/Tmut/Pois 0%         N/A       52%         3
 Inner Flame              Hex/Fire       0%         N/A       52%         3
 Mephitic Cloud           Conj/Pois/Air  0%         N/A       52%         3
 Dispel Undead            Necr           0%         3d6       89%         4
 Flame Wave               Conj/Fire      0%         2d4       89%         4
 Manifold Assault         Tloc           0%         N/A       89%         4
 Sticky Flame             Conj/Fire      0%         2d3       89%         4
 Freezing Cloud           Conj/Ice/Air   0%         6-21      99%         5
 Storm Form               Tmut/Air       0%         N/A       100%        7
 Cigotuvi's Dreadful Rot  Necr/Pois/Air  Unusable   N/A       N/A         2

Dungeon Overview and Level Annotations

Branches:
Dungeon (9/15)             Temple (0/1) D:4            Lair (0/5) D:8
    Orc: D:9-12

Altars:
Cheibriados
Fedhas
Wu Jian
The Shining One

Shops:
D:3 (

Annotations:
D:7 2 transporters, grumposus's ghost, novice VSVM
D:8 2 transporters


Innate Abilities, Weirdness & Mutations

You are immune to sickness and miasma.
Your stone body is resilient. (AC +7)
You are immune to poison.
You resist negative energy. (rN+)
You are resistant to electric shocks. (rElec)
You are resistant to unholy torment.
You are immune to petrification.


Message History

You closely miss the killer bee.
Your +1 spectral flail misses the killer bee.
You block the killer bee's attack. The killer bee stings you.
You sock the killer bee!
The killer bee is almost dead.
Your +1 spectral flail hits the killer bee!!
You kill the killer bee!
You swap places.
Your +1 spectral flail disappears.
You see here a killer bee corpse.
The sentinel's mark upon you fades away.
HP restored.
Partly explored, unvisited transporter.
There is a stone staircase leading down here.
You climb downwards.
The killer bee barely misses you. x3
The killer bee stings you but does no damage.
The yak gores you but does no damage. The yak gores you!
You block the yak's attack. The killer bee barely misses you.
The killer bee misses you. The killer bee stings you.
There is a stone staircase leading up here.
The killer bee closely misses you. The killer bee barely misses you.
The killer bee misses you. You block the yak's attack.
The yak barely misses you.
The yak gores you. x2; The killer bee stings you!
You block the killer bee's attack.
The killer bee stings you but does no damage.
You climb upwards.
Level annotation: 2 transporters
There is a stone staircase leading down here.
You closely miss the killer bee. The killer bee barely misses you.
The killer bee stings you but does no damage.
The yak gores you! x2
* * * LOW HITPOINT WARNING * * *
The killer bee barely misses you. You block the killer bee's attack.
You hit the killer bee.
The killer bee is moderately wounded.
The killer bee closely misses you. The killer bee misses you.
The yak gores you.
* * * LOW HITPOINT WARNING * * *
The yak gores you!
You die...

..##########....#####............
..............#..##.....###......
..##########..##.#.....#####.....
.############.##...)..##.[.')....
##>.#..#....#(##.##.#.##.[.'.....
##..#..#....#().......##...'.)...
##..#†'#....#)..##.....#####.....
##...†.........#yy......###......
##⌠............#@#..#............
##............#YYYY.##..##.######
##..#''#....#...y...##...#..##.##
##..#..#....#.....)..............
##>.#)(#....#....####.###########
.############.#...##.## ........
..##########..........##...## ##.
.......................#.o..#.#.o
###..........##........#o#..o...T


You could see 4 yaks and 3 killer bees.

Vanquished Creatures
  A two-headed ogre (D:7)
  Grinder (D:5)
  Grum (D:8)
  Duvessa (D:4)
  2 orc warriors
  3 black bears
  5 wolves (D:8)
  2 centaurs (D:6)
  3 phantoms
  A kobold brigand (D:6)
  3 bullfrogs
  4 gnoll sergeants
  2 scorpions
  Dowan (D:4)
  6 killer bees (D:8)
  2 howler monkeys
  4 orc priests
  7 gnoll boudas
  6 hounds
  Jessica (D:3)
  3 iguanas
  10 orc wizards
  Robin (D:4)
  30 gnolls
  9 adders
  A shadow imp (D:6)
  2 white imps (D:5)
  An ufetubus (D:6)
  2 worms
  2 dart slugs
  35 orcs
  5 ball pythons
  6 bats
  11 endoplasms
  2 giant cockroaches
  17 goblins
  8 hobgoblins
  15 jackals
  13 kobolds
  3 quokkas
  3 frilled lizards
  7 rats
242 creatures vanquished.

Notes
Turn   | Place    | Note
-------+----------+-------------------------------------------
     0 | D:1      | Persephone the Gargoyle Fighter began the quest for the
                  | Orb.
     0 | D:1      | Reached XP level 1. HP: 14/14 MP: 1/1
    71 | D:1      | Reached XP level 2. HP: 20/20 MP: 2/2
    98 | D:1      | Reached skill level 4 in Fighting
   376 | D:1      | Reached XP level 3. HP: 24/24 MP: 3/3
  1180 | D:2      | Reached skill level 1 in Maces & Flails
  1359 | D:2      | Reached XP level 4. HP: 30/30 MP: 4/4
  1548 | D:2      | Reached skill level 5 in Fighting
  1795 | D:3      | Found Lats's Antique Weapon Shoppe.
  2103 | D:3      | Noticed Jessica
  2130 | D:3      | Killed Jessica
  2131 | D:3      | Reached XP level 5. HP: 30/35 MP: 5/5
  2377 | D:3      | Found a faded altar of an unknown god.
  2380 | D:3      | Found a snail-covered altar of Cheibriados.
  2447 | D:4      | Noticed Duvessa
  2447 | D:4      | Noticed Dowan
  2464 | D:4      | Killed Duvessa
  2465 | D:4      | Reached skill level 6 in Fighting
  2465 | D:4      | Reached XP level 6. HP: 13/41 MP: 6/6
  2474 | D:4      | Killed Dowan
  2641 | D:4      | Found a staircase to the Ecumenical Temple.
  2807 | D:4      | Identified the +0 leather armour "Miluaz" {Dex+2}
  2869 | D:4      | Reached XP level 7. HP: 39/47 MP: 7/7
  3076 | D:4      | Found a glowing golden altar of the Shining One.
  3079 | D:4      | Became a worshipper of the Shining One
  3429 | D:4      | Noticed Robin
  3467 | D:4      | Killed Robin
  3469 | D:4      | Reached skill level 7 in Fighting
  3692 | D:5      | Entered Level 5 of the Dungeon
  3871 | D:5      | Reached skill level 1 in Invocations
  4021 | D:5      | Noticed Grinder
  4027 | D:5      | Paralysed by Grinder for 5 turns
  4040 | D:5      | Paralysed by Grinder for 5 turns
  4047 | D:5      | Killed Grinder
  4048 | D:5      | Reached skill level 5 in Maces & Flails
  4170 | D:5      | Reached XP level 8. HP: 50/53 MP: 9/9
  4400 | D:5      | Reached * piety under the Shining One
  4814 | D:6      | Reached skill level 8 in Fighting
  4857 | D:6      | Found a blossoming altar of Fedhas.
  4919 | D:6      | Identified the +1 sling of Romulum {speed, Will+ MP-9
                  | Str+6}
  5084 | D:6      | Found an ornate altar of the Wu Jian Council.
  5346 | D:6      | Reached XP level 9. HP: 60/60 MP: 12/12
  5354 | D:6      | Reached skill level 5 in Invocations
  5475 | D:6      | Reached skill level 9 in Fighting
  5712 | D:7      | Noticed a two-headed ogre
  5712 | D:7      | Reached ** piety under the Shining One
  5725 | D:7      | Killed a two-headed ogre
  6000 | D:7      | Reached skill level 10 in Fighting
  6037 | D:7      | Noticed grumposus's ghost (novice VSVM)
  6045 | D:7      | Found a transporter.
  6341 | D:7      | Found a transporter.
  6435 | D:8      | Reached XP level 10. HP: 61/68 MP: 15/15
  6576 | D:8      | Noticed Grum
  6608 | D:8      | Killed Grum
  6805 | D:8      | Found a staircase to the Lair.
  6825 | D:8      | Found a transporter.
  6832 | D:8      | Found a transporter.
  6864 | D:8      | Identified the +3 leather armour of Jouwidgh {Str+3 Int+7}
  7158 | D:8      | Noticed a two-headed ogre
  7341 | D:9      | Reached *** piety under the Shining One
  7506 | D:8      | Slain by a yak

Illustrated notes

Levels and vault maps discovered:
D:1:      co_arrival_random_square_maze, layout_loops_ring
D:2:      layout_basic, dreamdust_wishing_well, grunt_ministairs_8
D:3:      layout_rooms, nicolae_overflow_ecumenical_swirl, serial_shops,
          nicolae_shop_advertising_works [nicolae_subvault_shop_adworks],
          kennysheep_generic_room_5, uniq_jessica
D:4:      layout_loops_cross, tso_oasis_becter, temple_doors_e, uniq_duvessa,
          uniq_robin
D:5:      layout_basic, bh_walls_and_bars, uniq_grinder
D:6:      minmay_chambers_of_threes, layout_basic,
          mainiacjoe_overflow_concentric_impassable,
          mainiacjoe_overflow_six_doors_small
D:7:      layout_rooms, gammafunk_ghost_arena
D:8:      gammafunk_beogh_shrine, layout_cave_pools, lair_entry_dummy,
          serial_gnoll_camp, gnoll_camp_huts_basic, gnoll_camp_mini_loothouse,
          gnoll_camp_medium_02, gnoll_camp_mini_house, uniq_grum
D:9:      lemuel_bear_cage, layout_long_grid, dk_yredelemnul_ordeal,
          grunt_temple_overflow_diamond, serial_shops, nicolae_shop_mannequins,
          st_stairs_2, dreamdust_mushroom_princess,
          hangedman_abyss_or_decor_passed, uniq_harold

Skill      XL: |  1  2  3  4  5  6  7  8  9 10 |
---------------+-------------------------------+-----
Fighting       | 4 5 6 7 8 10 | 10.8
Maces & Flails | 1 2 3 4 5 6 8 |  8.9
Invocations    | 2 4 7 8 |  8.2
Short Blades   | |  1.7
Armour         | |  3.2
Shields        | |  3.2

Action                     |  1- 3 |  4- 6 |  7- 9 | 10-12 || total
---------------------------+-------+-------+-------+-------++-------
  Melee: Rapier            |    26 |       |       |       ||    26
         Club              |   132 |   140 |     8 |       ||   280
         Whip              |       |    98 |    43 |       ||   141
         Flail             |       |       |   342 |   120 ||   462
 Invoke: Divine Shield     |       |       |     2 |     2 ||     4
    Use: Scroll            |     1 |       |    11 |       ||    12
         Potion            |       |     1 |       |       ||     1
 Armour: Scale mail        |    73 |       |       |       ||    73
         Chain mail        |    33 |    36 |       |       ||    69
         Leather armour    |       |    77 |    95 |    55 ||   227
         Ring mail         |       |       |   143 |    59 ||   202
  Dodge: Dodged            |    67 |   103 |   227 |   124 ||   521
  Block: Buckler           |    27 |    36 |    96 |    79 ||   238
